 Dungeon Crawl Stone Soup version 0.27-a0-40-g5f2be0e231 (webtiles) character file.

Game seed: 13439842297460511368

11942 Dirian the Carver (level 11, -10/100 HPs)
             Began as a Minotaur Fighter on Jan 5, 2021.
             Was a High Priest of Wu Jian.
             Mangled by Sonja
             ... wielding a +1 short sword of distortion
              (18 damage)
             ... on level 11 of the Dungeon.
             The game lasted 00:22:06 (10958 turns).

Dirian the Carver (Minotaur Fighter)               Turns: 10958, Time: 00:22:07

Health: -10/100    AC: 15    Str: 28    XL:     11   Next: 55%
Magic:  10/10      EV:  7    Int:  5    God:    Wu Jian [*****.]
Gold:   1326       SH: 12    Dex: 18    Spells: 10/10 levels left

rFire    . . .     SeeInvis .   I - +1 scimitar
rCold    + . .     Faith    .   c - +0 kite shield
rNeg     . . .     Spirit   .   D - +0 chain mail {rC+}
rPois    .         Reflect  .   (helmet restricted)
rElec    .         Harm     .   l - +0 cloak
rCorr    .         Rampage  .   A - +0 pair of gloves
Will     .....                  (no boots)
Stlth    ..........             E - amulet of the acrobat
HPRegen  0.26/turn              f - +6 ring of dexterity
MPRegen  0.12/turn              u - +6 ring of strength

@: hasted, very quick
A: retaliatory headbutt, horns 2
a: Renounce Religion, Wall Jump, Serpent's Lash, Heavenly Storm


You were on level 11 of the Dungeon.
You worshipped Wu Jian.
Wu Jian was extremely pleased with you.
You visited 1 branch of the dungeon, and saw 11 of its levels.
You visited the Abyss 1 time.
You also visited: Ossuary.

You collected 1326 gold pieces.

Inventory:

Hand Weapons
 a - a +1 long sword
 I - a +1 scimitar (weapon)
Armour
 c - a +0 kite shield (worn)
 l - a +0 cloak (worn)
 A - a +0 pair of gloves (worn)
 D - a +0 chain mail of cold resistance (worn)
Jewellery
 d - an uncursed ring of ice
 f - a +6 ring of dexterity (left hand)
 u - a +6 ring of strength (right hand)
 E - an amulet of the acrobat (around neck)
 F - an uncursed ring of protection from fire
Wands
 e - a wand of disintegration (22)
 m - a wand of iceblast (17)
 v - a wand of digging (13)
 y - a wand of acid (9)
 C - a wand of flame (42)
 G - a wand of polymorph (9)
 H - a wand of enslavement (6)
Scrolls
 o - a scroll of magic mapping
 r - a scroll of identify
 t - a scroll of teleportation
 x - 6 scrolls of remove curse
 z - 2 scrolls of blinking
Potions
 b - 4 potions of mutation
 g - 5 potions of flight
 h - 2 potions of haste
 i - 3 potions of ambrosia
 j - 3 potions of berserk rage
 k - a potion of cancellation
 n - a potion of resistance
 p - 3 potions of lignification
 q - 2 potions of curing
 s - 3 potions of attraction
 w - a potion of heal wounds


   Skills:
 + Level 10.2 Fighting
 + Level 14.5 Long Blades
 + Level 12.4 Armour
 + Level 0.3 Dodging
 + Level 6.2 Shields


You had 10 spell levels left.
You didn't know any spells.
Your spell library contained the following spells:

 Spells                   Type           Power        Failure   Level
 Animate Skeleton         Necr           0%           100%        1
 Apportation              Tloc           0%           100%        1
 Corona                   Hex            0%           100%        1
 Summon Small Mammal      Summ           0%           100%        1
 Confusing Touch          Hex            0%           100%        3
 Gell's Gravitas          Tloc           0%           100%        3
 Petrify                  Tmut/Erth      0%           100%        4
 Metabolic Englaciation   Hex/Ice        0%           100%        5
 Yara's Violent Unravell  Hex/Tmut       0%           100%        5


Dungeon Overview and Level Annotations

Branches:
Dungeon (11/15)            Temple (0/1) D:6            Lair (0/6) D:10
    Orc (0/2) D:9         Ossuary (visited)

Altars:
Ashenzari
Dithmenos
Fedhas
Gozag
Hepliaklqana
Kikubaaqudgha
Makhleb
Nemelex Xobeh
Okawaru
Ru
Trog
Wu Jian
Zin
The Shining One
Beogh

Shops:
D:8 (   D:9 ([

Portals:
Trove: D:10 (give 3 potions of resistance)

Annotations:
D:11 Sonja, Urug


Innate Abilities, Weirdness & Mutations

You reflexively headbutt those who attack you in melee.
You have a pair of horns on your head.


Message History

Sonja bows elegantly.
You block Sonja's attack. Sonja hits you but does no damage.
You block Sonja's attack.
You miss Urug. You headbutt Urug.
Urug is lightly wounded.
Urug hits you with a +1 eveningstar!
* * * LOW HITPOINT WARNING * * *
You block Sonja's attack. x3
You hit Urug. You headbutt Urug.
Urug is moderately wounded.
You closely miss Urug. You headbutt Urug!
Urug is heavily wounded.
Sonja hits you but does no damage. Space warps horribly around you!
* * * LOW HITPOINT WARNING * * *
Sonja hits you with a +1 short sword of distortion.
* * * LOW HITPOINT WARNING * * *
Space bends around you.
* * * LOW HITPOINT WARNING * * *
Sonja hits you but does no damage. Space warps horribly around you!!
You die...

##.## .# # #..# .# # #'#######
##. ........# #.. #######
.......(+ #######.#########.#...#
........# ................#.#.#.#
........# ######.#######.'...#..
........# #K.# ###.#####
(.......# #@## #...... .......?#
#o# ####'## .(......# ###.#
###..# .((>....# #.(.# ###...##
##(###### #.### #...### #.##
###'####### #.### #.(#
####.o.(.....####.####### ##.#
#..'.........'.#........#
..........##......K..#)#........#


You could see Urug and Sonja.

Vanquished Creatures
  Harold (D:7)
  2 two-headed ogres
  An unseen horror (D:11)
  An ugly thing (D:11)
  2 centaur skeletons
  A komodo dragon (D:10)
  3 trolls
  A hornet (D:9)
  9 yaks (D:10)
  A wraith (D:11)
  A hornet zombie (D:5)
  2 ice beasts
  6 orc warriors
  7 black bears
  2 sky beasts
  2 phantoms
  2 necrophages
  6 ogres
  4 centaurs
  A big kobold (D:8)
  7 bullfrogs
  A gnoll sergeant (D:8)
  6 scorpions
  5 wights (D:11)
  6 killer bees
  2 howler monkeys
  A centaur zombie (D:8)
  2 bullfrog zombies (D:10)
  3 hounds
  A bullfrog skeleton (D:6)
  2 jellies
  3 orc priests
  A quasit (D:8)
  8 orc wizards
  3 iguanas
  Terence (D:3)
  11 worker ants
  A big kobold zombie (Ossuary)
  A hound skeleton (D:9)
  8 mummies (Ossuary)
  A worker ant zombie (D:10)
  11 gnolls
  2 howler monkey skeletons
  8 adders
  2 ufetubi
  An ooze (D:2)
  2 adder zombies
  A dart slug (D:2)
  8 leopard geckos
  27 orcs
  3 ball pythons
  7 giant cockroaches
  2 gnoll zombies (Ossuary)
  5 goblins
  7 hobgoblins
  10 jackals
  11 kobolds
  5 quokkas
  8 bats
  8 frilled lizards
  3 hobgoblin zombies (Ossuary)
  2 kobold zombies (Ossuary)
  A leopard gecko skeleton (D:8)
  A quokka zombie (D:7)
  4 rats
268 creatures vanquished.

Vanquished Creatures (others)
  Maurice (D:8)
  A wyvern (D:11)
  2 bushes (D:11)
  2 fungi (D:10)
  9 plants (D:10)
15 creatures vanquished.

Grand Total: 283 creatures vanquished

Notes
Turn   | Place    | Note
-------+----------+-------------------------------------------
     0 | D:1      | Dirian the Minotaur Fighter began the quest for the Orb.
     0 | D:1      | Reached XP level 1. HP: 19/19 MP: 0/0
   111 | D:1      | Reached XP level 2. HP: 25/27 MP: 1/1
   514 | D:2      | Found an ornate altar of the Wu Jian Council.
   581 | D:2      | Reached XP level 3. HP: 33/33 MP: 2/2
   593 | D:2      | Reached skill level 3 in Long Blades
  1215 | D:2      | Found an ancient bone altar of Kikubaaqudgha.
  1446 | D:2      | Became a worshipper of the Wu Jian Council
  1461 | D:3      | Reached XP level 4. HP: 40/40 MP: 3/3
  1468 | D:3      | Found a faded altar of an unknown god.
  1476 | D:3      | Found a broken altar of Ashenzari.
  1478 | D:3      | Noticed Terence
  1504 | D:3      | Killed Terence
  1644 | D:3      | Reached skill level 4 in Long Blades
  1656 | D:3      | Reached XP level 5. HP: 45/47 MP: 4/4
  1937 | D:3      | Found a bloodstained altar of Trog.
  2018 | D:3      | Found a sparkling altar of Nemelex Xobeh.
  2383 | D:4      | Found a sand-covered staircase.
  2387 | Ossuary  | Entered an ossuary
  2408 | Ossuary  | Reached * piety under Wu Jian
  2420 | Ossuary  | Reached skill level 5 in Shields
  2424 | Ossuary  | Reached skill level 5 in Long Blades
  2509 | Ossuary  | Reached XP level 6. HP: 53/53 MP: 5/5
  2932 | D:4      | Reached skill level 6 in Long Blades
  2932 | D:4      | Reached skill level 5 in Armour
  2979 | D:4      | Reached skill level 5 in Fighting
  3017 | D:4      | Reached ** piety under Wu Jian
  3103 | D:4      | Reached XP level 7. HP: 36/61 MP: 6/6
  3260 | D:4      | Reached skill level 7 in Long Blades
  3298 | D:4      | Found a sacrificial altar of Ru.
  3608 | D:4      | Found an opulent altar of Gozag.
  3845 | D:5      | Entered Level 5 of the Dungeon
  3982 | D:5      | Found a glowing silver altar of Zin.
  4126 | D:5      | Found a glowing golden altar of the Shining One.
  4221 | D:5      | Reached skill level 8 in Long Blades
  4425 | D:5      | Reached XP level 8. HP: 62/69 MP: 7/7
  5376 | D:6      | Reached skill level 9 in Long Blades
  5560 | D:6      | Found a staircase to the Ecumenical Temple.
  6089 | D:6      | Got a jewelled ring mail
  6099 | D:6      | Identified the +5 ring mail of Feasting {Harm +Inv} (You
                  | found it on level 6 of the Dungeon)
  6145 | D:7      | Reached XP level 9. HP: 78/78 MP: 8/8
  6176 | D:7      | Reached skill level 10 in Long Blades
  6265 | D:7      | Reached *** piety under Wu Jian
  6403 | D:7      | Found a hazy altar of Hepliaklqana.
  6547 | D:7      | Noticed Harold
  6579 | D:7      | Killed Harold
  6580 | D:7      | Reached skill level 11 in Long Blades
  6995 | D:8      | Reached skill level 10 in Armour
  7003 | D:8      | Noticed Maurice
  7063 | D:8      | Found Fyugoo's Weapon Shop.
  7082 | D:8      | Killed Maurice
  7483 | D:8      | Reached skill level 12 in Long Blades
  7483 | D:8      | Reached XP level 10. HP: 86/86 MP: 9/9
  7527 | D:8      | Found a transporter.
  7527 | D:8      | Found a transporter.
  7530 | D:8      | Found a roughly hewn altar of Beogh.
  7530 | D:8      | Noticed a two-headed ogre
  7728 | D:8      | Found a shadowy altar of Dithmenos.
  7783 | D:8      | Found an iron altar of Okawaru.
  8223 | D:8      | Killed a two-headed ogre
  8263 | D:8      | Reached **** piety under Wu Jian
  8499 | D:9      | Found Zorraacs's Weapon Emporium.
  8499 | D:9      | Found a staircase to the Orcish Mines.
  8678 | D:9      | Found Dyrr's Armour Emporium.
  9127 | D:9      | Reached skill level 13 in Long Blades
  9340 | D:9      | Found a burning altar of Makhleb.
  9519 | D:10     | Entered Level 10 of the Dungeon
  9788 | D:10     | Found a portal to a secret trove of treasure.
  9923 | D:10     | Reached XP level 11. HP: 97/97 MP: 10/10
  9948 | D:10     | Reached skill level 14 in Long Blades
  9956 | D:10     | Reached ***** piety under Wu Jian
 10292 | D:10     | Found a staircase to the Lair.
 10415 | D:11     | Noticed Sonja
 10428 | D:11     | HP: 4/99 [poisoned by Sonja (curare-tipped dart)]
 10721 | D:11     | Noticed a purple ugly thing
 10729 | D:11     | Killed a purple ugly thing
 10818 | D:11     | Killed an unseen horror
 10819 | D:11     | Reached skill level 10 in Fighting
 10858 | D:11     | Noticed a two-headed ogre
 10869 | D:11     | Killed a two-headed ogre
 10877 | D:11     | Found a blossoming altar of Fedhas.
 10877 | D:11     | Noticed Urug
 10882 | D:11     | Cast into level 2 of the Abyss (Sonja)
 10941 | D:11     | Escaped the Abyss
 10958 | D:11     | Mangled by Sonja

Illustrated notes

Levels and vault maps discovered:
D:1:      onia_arrival_mini_spirals, layout_rooms
D:2:      minmay_skewed_foursquare, layout_rooms, lemuel_round_altar,
          old_standard_altar
D:3:      layout_rooms, nemelex_altar_shiori, ashenzari_altar_1,
          serial_co_window_serial, co_window_paths_a, co_window_paths_a,
          co_window_corner_a, co_window_corner_a, co_window_of_opportunity_a,
          co_window_paths_c, co_window_2corner, co_window_corner_cb,
          co_window_2corner, co_window_4corner_b, glass_columns_b,
          glass_columns_b, glass_columns_a,
          chequers_ecumenical_altar_simple_redux, trog_butcher_becter,
          uniq_terence
D:4:      layout_basic, general_overflow_altar, lemuel_doored_altar,
          enter_ossuary_5
D:5:      minmay_polygon_palace, layout_basic, zin_academy,
          nicolae_overflow_crystal_walls
D:6:      layout_rooms, minmay_temple_entry_antechambers,
          small_statue_intersection
D:7:      layout_basic, overflow_temple_1_default, uniq_harold
D:8:      gammafunk_beogh_shrine, layout_loops_corners, kennysheep_mini,
          kennysheep_mini_moat, serial_shops, shop, uniq_maurice
D:9:      layout_stronghold, makhleb_blood_cavern_becter, orc_david_3
D:10:     layout_cave_pools, grunt_lair_entry_orc_guard_hut,
          nicolae_trove_entry_isolated, serial_column_ruins,
          column_ruins_square_small, column_ruins_grid_1, column_ruins_grid_1,
          column_ruins_open_small_water, column_ruins_columns_straight,
          column_ruins_open_large, column_ruins_grid_1
D:11:     layout_roguey, fedhas_bush_and_centaur_altar, uniq_sonja, uniq_urug

Skill      XL: |  1  2  3  4  5  6  7  8  9 10 11 |
---------------+----------------------------------+-----
Shields        | 4 5 6 |  6.2
Fighting       | 4 5 6 7 9 10 | 10.2
Long Blades    | 3 4 5 6 8 9 12 13 14 | 14.5
Armour         | 4 5 6 8 10 11 12 | 12.4
Dodging        | |  0.3

Action                   |  1- 3 |  4- 6 |  7- 9 | 10-12 || total
-------------------------+-------+-------+-------+-------++-------
Melee: Long sword        |   100 |   155 |   263 |   152 ||   670
       Headbutt          |    15 |    43 |    76 |   110 ||   244
       Unarmed           |       |       |     7 |       ||     7
       Scimitar          |       |       |       |   143 ||   143
Invok: Lunge             |     1 |    11 |    21 |    22 ||    55
       Whirlwind         |       |     2 |    19 |    42 ||    63
       Serpent's Lash    |       |       |       |     1 ||     1
 Abil: Wall Jump         |       |       |     1 |       ||     1
  Use: Potion            |       |     1 |     1 |     8 ||    10
       Scroll            |       |     8 |    13 |     6 ||    27
 Stab: Invisible         |       |       |       |     5 ||     5
Armor: Scale mail        |    58 |    19 |       |       ||    77
       Chain mail        |       |    18 |    86 |   124 ||   228
       Skin              |       |       |    10 |       ||    10
Dodge: Dodged            |    38 |    23 |    49 |    73 ||   183
Block: Kite shield       |    72 |    64 |   108 |   139 ||   383
       Rpst.: Long sword |    10 |    11 |    15 |     7 ||    43
       Scimitar          |       |       |       |    13 ||    13

Table legend: (Time is in decaauts)
 A = Elapsed time spent in this place.
 B = Non-inter-level travel time spent in this place.
 C = Inter-level travel time spent in this place.
 D = Time resting spent in this place.
 E = Time spent auto-exploring this place.
 F = Levels seen in this place.
 G = Mean time per level.
                   A        B        C        D        E       F      G
               +--------+--------+--------+--------+--------+-----+--------+
         Total |  10958 |  10536 |    422 |     67 |   8666 |  13 |  842.9 |
       Dungeon |  10443 |  10021 |    422 |     67 |   8337 |  11 |  949.4 |
         Abyss |     41 |     41 |      0 |      0 |      0 |   1 |   41.0 |
       Ossuary |    473 |    473 |      0 |      0 |    329 |   1 |  473.0 |
               +--------+--------+--------+--------+--------+-----+--------+

Top non-repeatable levels by time:
     D:5: 1526 daAuts
     D:8: 1478 daAuts
     D:9: 1031 daAuts
     D:4: 1010 daAuts
     D:2: 1005 daAuts
     D:3: 937 daAuts
     D:7: 838 daAuts
    D:10: 814 daAuts
     D:6: 770 daAuts
    D:11: 546 daAuts
     D:1: 483 daAuts
 Ossuary: 473 daAuts
 Abyss:2: 41 daAuts
